 Dungeon Crawl Stone Soup version 0.28.0-53-g5a82cb258f (webtiles) character file.

Game seed: 15474006949134355245

192 ILmort the Skirmisher (level 5, -3/50 HPs)
             Began as a Minotaur Fighter on Aug 9, 2022.
             Succumbed to a scorpion's poison
             ... on level 4 of the Dungeon.
             The game lasted 00:04:45 (2557 turns).

ILmort the Skirmisher (Minotaur Fighter)            Turns: 2557, Time: 00:04:46

Health: -3/50      AC:  8    Str: 23    XL:     5   Next: 42%
Magic:  4/4        EV:  9    Int:  5    God:
Gold:   93         SH:  4    Dex:  9    Spells: 4/4 levels left

rFire   . . .      SeeInvis .   a - +0 flail
rCold   . . .      Faith    .   c - +0 buckler
rNeg    . . .      Spirit   .   b - +0 scale mail
rPois   .          Reflect  .   (helmet restricted)
rElec   .          Harm     .   l - +0 cloak
rCorr   .          Rampage  .   (no gloves)
Will    .....                   (no boots)
Stlth   ..........              (no amulet)
HPRegen 0.16/turn               (no ring)
MPRegen 0.09/turn               (no ring)

@: lethally poisoned (-3 -> -18), flying
A: horns 2, retaliatory headbutt
a: no special abilities


You were on level 4 of the Dungeon.
You visited 1 branch of the dungeon, and saw 4 of its levels.

You collected 93 gold pieces.

Inventory:

Hand Weapons
 a - a +0 flail (weapon)
Armour
 b - a +0 scale mail (worn)
 c - a +0 buckler (worn)
 l - a +0 cloak (worn)
Jewellery
 h - a ring of magical power
Scrolls
 i - a scroll of fear {unknown}
 m - a scroll of fog {unknown}
 n - a scroll of identify {unknown}
 o - a scroll of enchant armour {unknown}
 q - 2 scrolls of enchant weapon {unknown}
Potions
 d - a potion of might
 e - a potion of flight
 f - a potion of cancellation {unknown}
 g - a potion of haste {unknown}
 j - a potion of degeneration {unknown}
 k - a potion of heal wounds {unknown}
 p - a potion of lignification {unknown}


   Skills:
 + Level 5.8 Fighting
 + Level 5.1 Maces & Flails
 - Level 3.6 Armour
 - Level 3.6 Shields


You had 4 spell levels left.
You didn't know any spells.
Your spell library contained the following spells:

 Spells                   Type           Power      Damage    Failure   Level
 Animate Skeleton         Necr           0%         N/A       86%         1
 Apportation              Tloc           0%         N/A       86%         1
 Summon Small Mammal      Summ           0%         N/A       86%         1


Dungeon Overview and Level Annotations

Branches:
Dungeon (4/15)
 Temple: D:4-7

Altars:
Fedhas


Innate Abilities, Weirdness & Mutations

You have a pair of horns on your head.
You reflexively headbutt those who attack you in melee.


Message History

An orc priest comes into view. It is wielding a +0 mace.
You sock the scorpion!
The scorpion is heavily wounded.
You block the scorpion's attack.
The scorpion stings you but does no damage.
You hit the scorpion but do no damage.
The scorpion is heavily wounded.
The hobgoblin hits you but does no damage.
The scorpion closely misses you.
You barely miss the scorpion. You headbutt the scorpion!
The scorpion is almost dead.
The hobgoblin hits you. The scorpion stings you.
You are poisoned.
The scorpion poisons you!
The orc priest invokes the aid of Beogh against you.
Beogh smites you!
You hear a shout!
You hit the scorpion. Your headbutt misses the scorpion.
The scorpion is almost dead.
You feel very sick. The scorpion stings you.
* * * LOW HITPOINT WARNING * * *
The hobgoblin closely misses you. You furiously retaliate!
You headbutt the hobgoblin, but do no damage.
The scorpion stings you.
* * * LOW HITPOINT WARNING * * *
You are more poisoned.
The scorpion poisons you! The hobgoblin barely misses you.
You sock the scorpion!
You kill the scorpion!
* * * LOW HITPOINT WARNING * * *
You feel very sick.
The hobgoblin hits you but does no damage.
The orc priest hits you but does no damage.
Your Maces & Flails skill increases to level 5!
You have reached level 5!
It was a potion of flight.
You feel very buoyant.
You fly up into the air.
You die...

#........#..##......
#...................
###..................
#..#................# #
#..#.................
#.. #...........#....##.
#...#.##.......###....##
.......#.......###......
...$..o@........#.......
.....#g.#...#...........
... #.###..#.##.. .....
. #.. .....$ .. .....
.... ###.##. ..... #....
.# .# ..... ...... ..
####.. ..


You could see an orc priest and a hobgoblin.

Vanquished Creatures
  A scorpion (D:4)
  A water moccasin skeleton (D:4)
  4 adders
  2 dart slugs
  4 bats
  6 endoplasms
  3 giant cockroaches
  6 hobgoblins
  4 jackals (D:2)
  2 quokkas (D:1)
  4 ball pythons
  2 goblins (D:1)
  4 kobolds
  4 rats
47 creatures vanquished.

Vanquished Creatures (others)
  A plant (D:3)
1 creature vanquished.

Grand Total: 48 creatures vanquished

Notes
Turn   | Place    | Note
-------+----------+-------------------------------------------
     0 | D:1      | ILmort the Minotaur Fighter began the quest for the Orb.
     0 | D:1      | Reached XP level 1. HP: 19/19 MP: 0/0
   358 | D:1      | Reached XP level 2. HP: 25/27 MP: 1/1
   612 | D:1      | Found a faded altar of an unknown god.
  1342 | D:2      | Reached XP level 3. HP: 34/34 MP: 2/2
  2146 | D:3      | Found a blossoming altar of Fedhas.
  2226 | D:3      | Reached skill level 5 in Fighting
  2226 | D:3      | Reached XP level 4. HP: 42/42 MP: 3/3
  2548 | D:4      | Noticed a scorpion
  2556 | D:4      | Killed a scorpion
  2556 | D:4      | HP: 1/42 [poisoned by a scorpion]
  2557 | D:4      | Reached skill level 5 in Maces & Flails
  2557 | D:4      | Reached XP level 5. HP: 1/50 MP: 4/4
  2557 | D:4      | Succumbed to a scorpion's poison

Illustrated notes

Levels and vault maps discovered:
D:1:      minmay_arrival_arboretum_small, layout_loops_corners,
          shapermc_ecumenical_altar_petra
D:2:      layout_rooms, kennysheep_path_1
D:3:      layout_loops_cross, fedhas_ov_isle_minmay
D:4:      layout_cave_pools, portal_sewer_entry_e, minmay_fire_ice_demons

Skill      XL: |  1  2  3  4 |
---------------+-------------+-----
Fighting       | 4 5 |  5.8
Maces & Flails | 3 4 5 |  5.1
Armour         | |  3.6
Shields        | |  3.6

Action                   |  1- 3 |  4- 6 || total
-------------------------+-------+-------++-------
Melee: Flail             |    78 |    15 ||    93
       Headbutt          |     6 |     5 ||    11
  Use: Potion            |       |     1 ||     1
Armor: Scale mail        |    37 |     7 ||    44
Dodge: Dodged            |    41 |     5 ||    46
Block: Buckler           |    17 |     3 ||    20
